 Dungeon Crawl Stone Soup version 0.30-a0-908-g5a111fc481 (console) character file.

Game seed: 10795575762802942934

16682 utis the Nimble (level 12, -20/77 HPs)
             Began as a Tengu Wanderer on Mar 19, 2023.
             Demolished by a minotaur
             ... wielding a +2 battleaxe of flaming
              (47 damage)
             ... in a Gauntlet on Mar 20, 2023.
             The game lasted 01:06:47 (19374 turns).

utis the Nimble (Tengu Wanderer)                   Turns: 19374, Time: 01:06:48

Health: -20/77     AC: 15    Str: 19    XL:     12   Next: 40%
Magic:  28/28      EV: 21    Int: 29    God:
Gold:   412        SH:  0    Dex: 12    Spells: 11/19 levels left

rFire   + . .      SeeInvis .    h - +11 morningstar {venom, MP+9}
rCold   + . .      Faith    .    (no shield)
rNeg    . . .      Spirit   .    l - +0 scale mail
rPois   +          Reflect  .    t - +0 hat of Quantum Leap {rPois rF+ rC+ Str+5}
rElec   .          Rampage  .    e - +1 cloak
rCorr   .          NoTele   +    R - +3 pair of gloves of Snakes and Ladders {rC- Will+ Int+3 Dex+2}
Will    +....                    (boots unavailable) Stlth
                                 p - amulet of Vitality {RegenMP++ Regen++}
HPRegen 1.92/turn                I - +6 ring of intelligence
MPRegen 1.01/turn                m - ring of Heufuw {rC+ EV+5}

@: flying quickly and evasively, hasted, very quick
A: beak, talons 3, nimble flight
a: no special abilities


You were in a Gauntlet.
You visited 2 branches of the dungeon, and saw 14 of its levels.
You also visited: Sewer and Gauntlet.

You collected 779 gold pieces.
You spent 367 gold pieces at shops.

Inventory:

Hand Weapons
 h - the +11 morningstar of the Slime-mould (weapon) {venom, MP+9}
   (You bought it in a shop on level 2 of the Dungeon)

   MP:        It affects your magic capacity (+9).
 k - a +0 arbalest of flaming
 J - a +2 short sword of electrocution
 L - a +1 short sword of draining
Missiles
 T - 2 boomerangs
Armour
 e - a +1 cloak (worn)
 j - a +0 leather armour of fire resistance
 l - a +0 scale mail (worn)
 t - the +0 hat of Quantum Leap (worn) {rPois rF+ rC+ Str+5}
   (You found it in a Gauntlet)

   Str:       It affects your strength (+5).
   rF:        It protects you from fire.
   rC:        It protects you from cold.
   rPois:     It protects you from poison.
 w - a +0 chain mail
 O - +0 steam dragon scales
 R - the +3 pair of gloves of Snakes and Ladders (worn) {rC- Will+ Int+3 Dex+2}
   (You found it on level 8 of the Dungeon)

   Int:       It affects your intelligence (+3).
   Dex:       It affects your dexterity (+2).
   rC:        It makes you vulnerable to cold.
   Will:      It increases your willpower.
 S - a +0 kite shield
 V - a scarf of invisibility
Magical Staves
 Q - a staff of air
Jewellery
 c - a ring of ice
 m - the ring of Heufuw (right hand) {rC+ EV+5}
   (You found it in a Gauntlet)

   [ring of evasion]

   EV:        It affects your evasion (+5).
   rC:        It protects you from cold.
 p - the amulet of Vitality (around neck) {RegenMP++ Regen++}
   (You found it in a Gauntlet)

   [amulet of magic regeneration]

   It increases your rate of magic regeneration.
   Regen:     It increases your rate of health regeneration.
 x - an amulet of magic regeneration {@e1}
 C - a ring of ice
 E - a +5 ring of evasion
 I - a +6 ring of intelligence (left hand)
 N - a ring of positive energy
Wands
 a - a wand of roots (2)
 r - a wand of flame (10)
 s - a wand of paralysis (8)
 v - a wand of digging (15)
 K - a wand of mindburst (18)
Scrolls
 b - a scroll of identify {@r1}
 g - 3 scrolls of amnesia
 i - 2 scrolls of blinking
 n - 2 scrolls of enchant armour
 F - 3 scrolls of teleportation {@r4}
 M - 2 scrolls of fog
 U - a scroll of silence {!r}
Potions
 d - a potion of resistance
 f - a potion of heal wounds {@q2}
 o - 4 potions of cancellation
 q - a potion of haste {@q3}
 u - 6 potions of curing {@q1}
 P - a potion of invisibility
 X - 2 potions of magic
Miscellaneous
 Y - a condenser vane


   Skills:
 - Level 9.7 Fighting
 - Level 9.1 Maces & Flails
 - Level 2.1 Ranged Weapons
 - Level 1.0 Throwing
 - Level 8.7 Armour
 - Level 10.0 Dodging
 - Level 1.0 Stealth
 - Level 4.0 Spellcasting
 + Level 6.0 Conjurations
 - Level 3.0 Translocations
 + Level 3.0 Fire Magic
 - Level 7.0 Air Magic
 - Level 3.6 Evocations


You had 11 spell levels left.
You knew the following spells:

 Your Spells              Type           Power      Damage    Failure   Level
y - Sticky Flame          Conj/Fire      31%        2d5       26%         4
z - Shock                 Conj/Air       100%       1d9       1%          1
Y - Kindle Blastsparks    Fire/Tloc/Air  60%        2d15      9%          3

Your spell library contained the following spells:

 Spells                   Type           Power      Damage    Failure   Level
 Kiss of Death            Conj/Necr      92%        2d12      4%          1
 Beastly Appendage        Tmut           10%        N/A       17%         1
 Ensorcelled Hibernation  Hex/Ice        10%        N/A       26%         2
 Wereblood                Tmut           5%         N/A       26%         2
 Flame Wave               Conj/Fire      31%        2d9       26%         4
 Inner Flame              Hex/Fire       14%        N/A       28%         3
 Confusing Touch          Hex            5%         N/A       45%         3
 Spider Form              Tmut/Pois      5%         N/A       45%         3
 Summon Guardian Golem    Hex/Summ       5%         N/A       45%         3
 Anguish                  Hex/Necr       2%         N/A       86%         4
 Dispel Undead            Necr           5%         3d7       86%         4
 Malign Gateway           Summ/Tloc      7%         N/A       100%        7
 Orb of Destruction       Conj           20%        9d8       100%        7
 Spellforged Servitor     Conj/Summ      11%        N/A       100%        7
 Summon Horrible Things   Summ           2%         N/A       100%        8


Dungeon Overview and Level Annotations

Branches:
Dungeon (13/15)            Temple (0/1) D:6            Lair (1/5) D:8
  Sewer (visited)         Gauntlet (1/1)
    Orc: D:9-12      Vaults: D:13-14

Altars:
Ashenzari
Fedhas
Hepliaklqana
Kikubaaqudgha
Nemelex Xobeh
Okawaru
Qazlal
Ru
Sif Muna
Yredelemnul
The Shining One

Shops:
D:2 (   D:11 *

Portals:
Volcano: Lair:1

Annotations:
Gauntlet 6 transporters, 3 runed translucent doors


Innate Abilities, Weirdness & Mutations

You have a beak for a mouth.
You have claws for feet.
Your magical nature lets you fly swiftly and evasively.


Message History

There is a transporter here.
You see here a potion of flight.
There is a transporter here.
You enter the transporter and appear at another place.
Okay, then.
Unknown command.
You reach down and open the door.
A minotaur comes into view.
It is wielding a +2 battleaxe of flaming and quivering silver javelins.
The minotaur bellows!
The minotaur throws a silver javelin.
The silver javelin closely misses you.
Found a plate armour and a lightning rod (4/4).
You feel yourself speed up. The minotaur closely misses you.
The minotaur gores you.
You hit the minotaur but do no damage.
The minotaur is poisoned.
Your kick misses the minotaur. You hit the minotaur.
The minotaur is lightly wounded.
The minotaur hits you with a +2 battleaxe of flaming!
The minotaur burns you.
The minotaur gores you but does no damage.
You hit the minotaur but do no damage.
The minotaur looks as sick as possible!
Your kick misses the minotaur.
You peck the minotaur, but do no damage.
The minotaur is lightly wounded.
The minotaur drinks a potion.
The minotaur seems to grow stronger.
You hit the minotaur.
The minotaur looks as sick as possible!
You claw the minotaur.
The minotaur is lightly wounded.
You thump the minotaur!
The minotaur looks as sick as possible!
You claw the minotaur, but do no damage.
You peck the minotaur, but do no damage.
The minotaur is moderately wounded.
The minotaur hits you with a +2 battleaxe of flaming!!
The minotaur burns you. The minotaur gores you!
* * * LOW HITPOINT WARNING * * *
You hit the minotaur but do no damage.
The minotaur looks as sick as possible!
Your kick misses the minotaur.
The minotaur is moderately wounded.
The minotaur hits you with a +2 battleaxe of flaming!!!
Ouch! That really hurt!
You die...

▓▓▓▓▒▒▒.▒▒▒▒▒▒
▓...▒▒≈.▒.....
░░░░░░░░.8.▒≈≈.▒!▓▒▓'
░..........▒▒≈.▒.▒≈..
░░.░░.░░░.8.▒▒▒.▒©▓≈©.
░8..........▒▒..▒.▒≈..
░.....░.░.8.▒...▒.▓▒▓'
▓▓▓▓.░.░...▒.∩.▒.....
▓Q..░.©.▒...▒▒▒▒▒▒
......H.░░░...▒.8.....▒.
}8[8.8▓...░.©.▒...▒▒▒▒▒▒
▓▓▓▓▓▓▓.░.░...▒.∩.▒€"▒..
.....░.░.8.▒...▒.)▒.▒
░8..........▒▒..▒▒▒+^▒
░░.░░.░░░.8.▒▒▒.▒©.+..
░..........▒▒≈.▒▒▒+▒▒
░░░░░░░░.8.▒≈≈.▒....5


You could see a minotaur (strong, extremely poisoned).

Vanquished Creatures
  4 two-headed ogres
  A cyclops (D:12)
  A smoke demon (Gauntlet)
  Psyche (D:9)
  A cane toad (Lair:1)
  A yaktaur (D:11)
  A troll (D:10)
  A wolf spider simulacrum (Gauntlet)
  Grinder (D:3)
  2 hornets
  Prince Ribbit (D:9)
  2 centaur simulacra (Gauntlet)
  8 wyverns
  A basilisk (D:12)
  A shadow (D:11)
  20 yaks
  2 swamp worms (Gauntlet)
  2 steam dragons (D:8)
  An acid dragon (D:9)
  11 water moccasins
  3 orc warriors
  3 sky beasts
  An ice beast (D:6)
  An ice dragon simulacrum (Gauntlet)
  5 black bears
  4 centaurs
  2 ogres (D:5)
  2 kobold brigands
  A gnoll sergeant (D:7)
  4 bullfrogs
  7 scorpions
  20 wights
  A hornet simulacrum (Gauntlet)
  6 killer bees
  3 howler monkeys
  A lava snake (D:8)
  4 crimson imps (Gauntlet)
  10 orc priests
  A gnoll bouda (D:7)
  6 hounds
  Crazy Yiuf (D:5)
  5 sleepcaps
  Ijyb (D:4)
  4 iguanas
  7 orc wizards
  8 gnolls (D:7)
  5 adders
  A shadow imp (D:5)
  2 white imps
  An ufetubus (D:7)
  3 worms
  4 dart slugs
  21 orcs
  6 ball pythons
  5 bats
  5 endoplasms
  A giant cockroach (D:2)
  5 hobgoblins
  4 jackals
  3 quokkas
  A frilled lizard (D:1)
  11 goblins
  14 kobolds
  2 rats (D:1)
268 creatures vanquished.

Vanquished Creatures (others)
  7 fungi (D:8)
  24 plants (D:8)
31 creatures vanquished.

Grand Total: 299 creatures vanquished

Notes
Turn   | Place    | Note
-------+----------+-------------------------------------------
     0 | D:1      | utis the Tengu Wanderer began the quest for the Orb.
     0 | D:1      | utis set off with the following items: a +2 sling, a +0
                  | scale mail, a potion of curing {@q1}; and the following
                  | spell memorised: Shock; and the following spells available
                  | to memorise: Kindle Blastsparks.
     0 | D:1      | Reached XP level 1. HP: 10/10 MP: 4/4
   125 | D:1      | Found a faded altar of an unknown god.
   277 | D:1      | Reached skill level 1 in Conjurations
   292 | D:1      | Reached XP level 2. HP: 14/15 MP: 1/6
   454 | D:1      | Reached skill level 1 in Dodging
  1295 | D:2      | Found Kaonoonn's Antique Weapon Shop.
  1373 | D:2      | Reached XP level 3. HP: 15/19 MP: 4/7
  1659 | D:2      | Found an iron altar of Okawaru.
  2397 | D:3      | Reached XP level 4. HP: 21/24 MP: 6/8
  2398 | D:3      | Reached skill level 2 in Dodging
  2453 | D:3      | Noticed Grinder
  2453 | D:3      | Paralysed by Grinder for 3 turns
  2610 | D:3      | Killed Grinder
  2611 | D:3      | Reached skill level 5 in Dodging
  2611 | D:3      | Gained mutation: Your magical nature lets you fly swiftly
                  | and evasively. [Tengu growth]
  2611 | D:3      | Reached XP level 5. HP: 8/28 MP: 2/9
  2611 | D:3      | Reached XP level 6. HP: 9/32 MP: 2/10
  2705 | D:3      | Learned a level 3 spell: Kindle Blastsparks
  3390 | D:3      | Identified the +0 chain mail of Ashenzari's Esteem {Rampage
                  | rC+ Str+4 Stlth-}
  4132 | D:4      | Reached skill level 1 in Fighting
  4294 | D:4      | Noticed Ijyb
  4298 | D:4      | Paralysed by Ijyb for 2 turns
  4304 | D:4      | Paralysed by Ijyb for 5 turns
  4310 | D:4      | Killed Ijyb
  4562 | D:4      | Reached XP level 7. HP: 38/38 MP: 7/11
  4716 | D:4      | Found a sacrificial altar of Ru.
  4726 | D:4      | Found a stormy altar of Qazlal.
  4898 | D:5      | Entered Level 5 of the Dungeon
  5166 | D:5      | Reached skill level 5 in Conjurations
  5310 | D:4      | Reached skill level 5 in Air Magic
  5447 | D:5      | Found a runed translucent door.
  5448 | D:5      | Noticed Crazy Yiuf
  5496 | D:5      | Reached skill level 6 in Dodging
  5549 | D:5      | Found a glowing drain.
  5561 | Sewer    | Entered a sewer
  5600 | Sewer    | Reached XP level 8. HP: 45/45 MP: 8/13
  6119 | D:5      | Reached skill level 1 in Fire Magic
  6254 | D:5      | Found a sacrificial altar of Ru.
  6476 | D:5      | Killed Crazy Yiuf
  6632 | D:6      | Reached skill level 1 in Translocations
  6636 | D:6      | Reached skill level 7 in Dodging
  6959 | D:6      | Reached XP level 9. HP: 50/52 MP: 11/14
  6993 | D:6      | Identified the +6 mace "Killer Klown's Foe" {holy, rC++
                  | rCorr}
  7310 | D:6      | Reached skill level 5 in Fighting
  7515 | D:6      | Found a staircase to the Ecumenical Temple.
  7527 | D:6      | Reached skill level 8 in Dodging
  7923 | D:6      | Found a shimmering blue altar of Sif Muna.
  8031 | D:6      | Found a hazy altar of Hepliaklqana.
  8246 | D:2      | Bought a jewelled morningstar for 225 gold pieces
  8246 | D:2      | Identified the +11 morningstar of the Slime-mould {venom,
                  | MP+9} (You bought it in a shop on level 2 of the Dungeon)
  8887 | D:7      | Found a broken altar of Ashenzari.
  9202 | D:7      | Reached XP level 10. HP: 60/60 MP: 16/16
  9450 | D:7      | Reached skill level 1 in Maces & Flails
  9835 | D:8      | Found a glowing golden altar of the Shining One.
  9854 | D:8      | Found a basalt altar of Yredelemnul.
 10245 | D:8      | Found a sparkling altar of Nemelex Xobeh.
 10246 | D:8      | Found an ancient bone altar of Kikubaaqudgha.
 10250 | D:8      | Found a blossoming altar of Fedhas.
 10724 | D:8      | Reached skill level 5 in Armour
 12949 | D:8      | Found a staircase to the Lair.
 13053 | D:8      | Reached XP level 11. HP: 14/68 MP: 18/18
 13607 | D:8      | Identified the +3 pair of gloves of Snakes and Ladders {rC-
                  | Will+ Int+3 Dex+2}
 13631 | D:8      | Paralysed by a hornet for 1 turns
 13634 | D:8      | Reached skill level 5 in Maces & Flails
 13891 | D:8      | Found a shimmering blue altar of Sif Muna.
 14226 | D:9      | Noticed Psyche
 14382 | D:9      | Noticed Prince Ribbit
 14396 | D:9      | Killed Prince Ribbit
 14583 | D:9      | Killed Psyche
 15179 | D:9      | Noticed a two-headed ogre
 15210 | D:9      | Killed a two-headed ogre
 15322 | D:9      | Reached skill level 9 in Dodging
 15584 | D:10     | Entered Level 10 of the Dungeon
 15976 | D:10     | You are sucked into a shaft and drop 3 floors!
 16017 | D:12     | Noticed a cyclops
 16032 | D:12     | Noticed a two-headed ogre
 16034 | D:12     | Killed a cyclops
 16049 | D:12     | Killed a two-headed ogre
 16050 | D:12     | Reached skill level 1 in Evocations
 17636 | D:10     | Noticed a two-headed ogre
 17701 | D:10     | Killed a two-headed ogre
 17702 | D:10     | Reached XP level 12. HP: 76/76 MP: 19/19
 17832 | D:11     | Found Puos's General Store.
 17835 | D:11     | Bought a scroll of blinking for 112 gold pieces
 17835 | D:11     | Bought a scroll of identify for 30 gold pieces
 17896 | D:11     | Noticed a two-headed ogre
 17907 | D:11     | Killed a two-headed ogre
 18477 | Lair:1   | Entered Level 1 of the Lair of Beasts
 18538 | Lair:1   | Found a dark tunnel.
 18599 | Lair:1   | Found a gate leading to a gauntlet.
 18604 | Gauntlet | Entered a Gauntlet
 18604 | Gauntlet | Found a transporter.
 18604 | Gauntlet | Found a transporter.
 18616 | Gauntlet | Found a transporter.
 18624 | Gauntlet | Found a transporter.
 18632 | Gauntlet | Found a transporter.
 18636 | Gauntlet | Found a transporter.
 18640 | Gauntlet | Found a runed translucent door.
 18640 | Gauntlet | Found a runed translucent door.
 18644 | Gauntlet | Found a transporter.
 18644 | Gauntlet | Found the amulet of Vitality {RegenMP++ Regen++}
 18667 | Gauntlet | Found a runed translucent gate.
 18668 | Gauntlet | Found a transporter.
 18668 | Gauntlet | Found a runed translucent gate.
 18669 | Gauntlet | Found a runed translucent gate.
 18682 | Gauntlet | Found a transporter.
 18694 | Gauntlet | Found a transporter.
 18703 | Gauntlet | Found a transporter.
 18707 | Gauntlet | Found a transporter.
 18715 | Gauntlet | Noticed a two-headed ogre
 18720 | Gauntlet | a torpor snail changed into an anaconda
 18720 | Gauntlet | Noticed an anaconda (shapeshifter)
 18729 | Gauntlet | a two-headed ogre changed into a redback
 19040 | Gauntlet | Found a runed translucent door.
 19107 | Gauntlet | a merfolk changed into a shock serpent
 19107 | Gauntlet | Noticed a shock serpent (shapeshifter)
 19122 | Gauntlet | Noticed a boulder beetle
 19131 | Gauntlet | Identified the ring of Heufuw {rC+ EV+5}
 19186 | Gauntlet | Reached skill level 10 in Dodging
 19308 | Gauntlet | Identified the +0 hat of Quantum Leap {rPois rF+ rC+ Str+5}
 19330 | Gauntlet | Learned a level 4 spell: Sticky Flame
 19365 | Gauntlet | Noticed a minotaur
 19374 | Gauntlet | Demolished by a minotaur

Illustrated notes

Levels and vault maps discovered:
D:1:      dpeg_arrival_arbitrary_a, layout_loops_ring,
          dreamdust_ecumenical_altar_angels_and_demons
D:2:      layout_loops_cross, basic_altar, serial_shops,
          nicolae_shop_hallway_plus, grunt_ministairs_12
D:3:      layout_basic, ebering_dispersal_statue_hall,
          minmay_misc_feat_four_crosses, uniq_grinder
D:4:      layout_loops_ring, amethyst_overflow_temple_binary, uniq_ijyb
D:5:      layout_cave_pools, cheibrodos_sewer_entry_drain, minmay_ruined_shrine,
          uniq_crazy_yiuf_cottage
D:6:      layout_rooms, marbit_many_paths, nicolae_hepliaklqana_hippocampus,
          minmay_temple_entry_purple_smoke, minmay_misc_feat_tiny
D:7:      layout_basic, lemuel_round_altar
D:8:      layout_basic, kennysheep_mini, mainiacjoe_overflow_boulevard,
          gammafunk_temple_overflow_forgotten, minmay_lair_entry_grove,
          kennysheep_diamond, grunt_ministairs_9
D:9:      layout_cave_pods, uniq_prince_ribbit1, uniq_psyche
D:10:     layout_loops_corners, minmay_puff
D:11:     layout_rooms, serial_shops, nicolae_shop_behind_doors,
          item_on_display_a
D:12:     layout_layer_cave, erik_orc_4
D:13:     layout_roguey, erik_vaults_2, uniq_nessos
Lair:1:   layout_loops_ring, gauntlet_entry_generic,
          nicolae_volcano_entry_lava_flow, beast_lair_carwin_1
Gauntlet: minmay_gauntlet_77_indecision [minmay_gauntlet_arena_77_hold_the_fort,
          minmay_gauntlet_arena_77_terracotta_army,
          minmay_gauntlet_arena_77_path, minmay_gauntlet_arena_77_mess,
          minmay_gauntlet_arena_77_run_for_it,
          minmay_gauntlet_arena_77_shame_cube,
          nicolae_gauntlet_exit_dead_adventurers]

Skill      XL: |  1  2  3  4  5  6  7  8  9 10 11 12 |
---------------+-------------------------------------+-----
Conjurations   | 1 2 3 4 5 6 |  6.0
Dodging        | 1 5 6 7 8 9 10 | 10.0
Fighting       | 1 2 4 6 8 9 |  9.7
Air Magic      | 5 6 7 |  7.0
Spellcasting   | 3 4 |  4.0
Fire Magic     | 2 3 |  3.0
Translocations | 1 3 |  3.0
Armour         | 3 6 8 |  8.7
Maces & Flails | 4 8 9 |  9.1
Evocations     | 2 3 |  3.6
Ranged Weapons | |  2.1
Throwing       | |  1.0
Stealth        | |  1.0

Action                     |  1- 3 |  4- 6 |  7- 9 | 10-12 || total
---------------------------+-------+-------+-------+-------++-------
  Melee: Short sword       |       |     7 |    19 |       ||    26
         Kick              |       |     1 |     9 |    96 ||   106
         Peck              |       |     1 |     4 |    47 ||    52
         Morningstar       |       |       |     8 |   254 ||   262
         Punch             |       |       |       |     3 ||     3
   Fire: Sling             |    33 |       |    11 |       ||    44
  Throw: Boomerang         |       |       |     5 |     5 ||    10
         Stone             |       |       |     1 |       ||     1
   Cast: Shock             |    29 |    51 |   181 |   150 ||   411
         Kindle Blastspark |       |       |     2 |     3 ||     5
  Evoke: Wand              |       |       |       |     4 ||     4
    Use: Scroll            |       |     2 |     8 |    11 ||    21
         Potion            |       |     1 |       |     9 ||    10
 Armour: Scale mail        |    19 |    11 |    41 |   100 ||   171
  Dodge: Dodged            |    21 |    17 |    93 |   328 ||   459

Table legend: (Time is in decaauts)
 A = Elapsed time spent in this place.
 B = Non-inter-level travel time spent in this place.
 C = Inter-level travel time spent in this place.
 D = Time resting spent in this place.
 E = Time spent auto-exploring this place.
 F = Levels seen in this place.
 G = Mean time per level.
                   A        B        C        D        E       F      G
               +--------+--------+--------+--------+--------+-----+--------+
         Total |  18521 |  17162 |   1359 |   6313 |   7446 |  16 | 1157.6 |
       Dungeon |  17530 |  16232 |   1298 |   5915 |   7236 |  13 | 1348.5 |
          Lair |    120 |     59 |     61 |      0 |      0 |   1 |  120.0 |
         Sewer |    132 |    132 |      0 |      2 |     70 |   1 |  132.0 |
      Gauntlet |    738 |    738 |      0 |    396 |    138 |   1 |  738.0 |
               +--------+--------+--------+--------+--------+-----+--------+

Top non-repeatable levels by time:
     D:8: 3101 daAuts
     D:7: 2554 daAuts
     D:4: 1433 daAuts
     D:6: 1430 daAuts
     D:5: 1341 daAuts
     D:3: 1325 daAuts
    D:10: 1293 daAuts
     D:9: 1287 daAuts
     D:2: 1235 daAuts
     D:1: 1184 daAuts
Gauntlet: 738 daAuts
    D:12: 724 daAuts
    D:11: 613 daAuts
   Sewer: 132 daAuts
  Lair:1: 120 daAuts
